 Dungeon Crawl Stone Soup version 0.21.1-1-g345015fe64 (webtiles) character file.

275 Holzbalken the Cudgeler (level 6, 0/47 HPs)
             Began as a Demonspawn Monk on July 15, 2018.
             Killed by divine providence
             ... invoked by an orc priest
              (8 damage)
             ... on level 4 of the Dungeon.
             The game lasted 00:16:06 (4698 turns).

Holzbalken the Cudgeler (Demonspawn Monk)           Turns: 4698, Time: 00:16:07

Health: 0/47       AC:  7    Str: 16    XL:     6   Next: 3%
Magic:  0/15       EV: 13    Int: 11    God:
Gold:   162        SH:  0    Dex: 16    Spells: 5/5 levels left

rFire    . . .     SeeInvis .   a - +0 mace
rCold    . . .     Gourm    .   (no shield)
rNeg     . . .     Faith    .   n - +0 leather armour
rPois    .         Spirit   +   (no helmet)
rElec    .         Reflect  .   (no cloak)
rCorr    .         Harm     .   g - +0 pair of gloves {Str+3}
MR       .....                  (no boots)
Stlth    ++........             (no amulet)
HPRegen  0.15/turn              v - ring of magical power
MPRegen  0.14/turn              (no ring)

@: no status effects
A: thin metallic scales 2, powered by pain 1, magic shield
a: no special abilities


You were on level 4 of the Dungeon.
You were not hungry.

You visited 1 branch of the dungeon, and saw 4 of its levels.

You collected 162 gold pieces.

Inventory:

Hand Weapons
 a - a +0 mace (weapon)
Missiles
 r - 69 stones (quivered)
Armour
 b - a +0 robe
 g - a +0 pair of gloves of strength (worn)
 h - a +0 scale mail
 n - a +0 leather armour (worn)
Jewellery
 v - a ring of magical power (left hand)
Wands
 p - a wand of flame (16)
Scrolls
 d - 2 scrolls of remove curse {unknown}
 e - 3 scrolls of identify {unknown}
 f - 3 scrolls of magic mapping {unknown}
 o - a scroll of teleportation {unknown}
 q - a scroll of blinking {unknown}
 s - a scroll of fear {unknown}
Potions
 i - a potion of degeneration {unknown}
 j - a potion of might {unknown}
 k - a potion of agility {unknown}
 l - a potion of heal wounds {unknown}
 u - a potion of experience {unknown}
Comestibles
 c - 4 rations


   Skills:
 - Level 3.0 Fighting
 + Level 6.2 Maces & Flails
 - Level 2.6 Dodging
 - Level 1.7 Stealth


You had 5 spell levels left.
You didn't know any spells.

Dungeon Overview and Level Annotations

Branches:
Dungeon (4/15)
 Temple: D:4-7

Altars:
Dithmenos
Nemelex Xobeh
Okawaru

Annotations:
D:2 2 transporters


Innate Abilities, Weirdness & Mutations

You are mostly covered in thin metallic scales. (AC +3)
You sometimes gain a little power by taking damage.
When hurt, damage is shared between your health and your magic reserves.


Message History

* * * LOW HITPOINT WARNING * * *
The hound bites you.
* * * LOW HITPOINT WARNING * * *
Found a ration.
You feel better. The hound bites you.
* * * LOW HITPOINT WARNING * * *
The orc priest calls down the wrath of Beogh upon you.
Beogh smites you!
* * * LOW HITPOINT WARNING * * *
The jackal bites you but does no damage.
You hear a bark!
You feel better. The hound bites you.
* * * LOW HITPOINT WARNING * * *
The orc hits you but does no damage.
The jackal bites you but does no damage.
The orc priest begins to cast a cantrip, but forgets the words!
The hound bites you but does no damage.
The orc priest calls down the wrath of Beogh upon you.
Beogh smites you!
You die...

###.........#
..#.........#
..........##
#.........#
#.....o.).#
##....Fo...#####
#.....o.o.....%#
##...Z.hh@..#
####
#.h#h..oh..##
#..###.###.....##
#.#.h.# #######
#..Z### #.h##
##..# #...#
....#.# ###


You could see a bullfrog, a hound, 2 orc priests, 3 orcs, 4 jackals and a
bullfrog skeleton.

Vanquished Creatures
  A necrophage (D:3)
  2 orc priests
  4 adders
  2 gnolls (D:2)
  2 worms (D:3)
  4 dart slugs
  A leopard gecko (D:3)
  5 orcs
  4 giant cockroaches
  7 hobgoblins
  A jackal (D:4)
  7 kobolds
  A quokka (D:3)
  6 bats
  4 frilled lizards
  5 goblins
  6 rats
62 creatures vanquished.

Notes
Turn   | Place    | Note
-------+----------+-------------------------------------------
     0 | D:1      | Holzbalken the Demonspawn Monk began the quest for the Orb.
     0 | D:1      | Reached XP level 1. HP: 18/18 MP: 1/1
   114 | D:1      | Reached skill level 3 in Maces & Flails
   271 | D:1      | Gained mutation: You sometimes gain a little power by taking damage. [demonic ancestry]
   271 | D:1      | Reached XP level 2. HP: 24/24 MP: 2/2
  1423 | D:1      | Gained mutation: When hurt, damage is shared between your health and your magic reserves. [demonic ancestry]
  1423 | D:1      | Reached XP level 3. HP: 7/29 MP: 3/3
  1633 | D:1      | Reached skill level 4 in Maces & Flails
  1982 | D:2      | Found a transporter.
  2002 | D:2      | Found a transporter.
  2002 | D:2      | Noticed a big kobold
  2012 | D:2      | Found an iron altar of Okawaru.
  2039 | D:2      | Found a shadowy altar of Dithmenos.
  2451 | D:2      | Gained mutation: You are partially covered in thin metallic scales. (AC +2) [demonic ancestry]
  2451 | D:2      | Reached XP level 4. HP: 35/35 MP: 4/4
  3194 | D:2      | Reached skill level 5 in Maces & Flails
  3233 | D:3      | Noticed a necrophage
  3250 | D:3      | Killed a necrophage
  3250 | D:3      | Reached XP level 5. HP: 26/39 MP: 3/5
  3715 | D:3      | Reached skill level 6 in Maces & Flails
  4133 | D:3      | Found a sparkling altar of Nemelex Xobeh.
  4345 | D:3      | Gained mutation: You are mostly covered in thin metallic scales. (AC +3) [demonic ancestry]
  4345 | D:3      | Reached XP level 6. HP: 30/45 MP: 6/6
  4698 | D:4      | Killed from afar by an orc priest

Skill      XL: |  1  2  3  4  5 |
---------------+----------------+-----
Maces & Flails | 3 4 5 6 |  6.2
Fighting       | |  3.0
Dodging        | |  2.6
Stealth        | |  1.7

Action                   |  1- 3 |  4- 6 || total
-------------------------+-------+-------++-------
Melee: Mace              |   104 |   156 ||   260
  Use: Potion            |     1 |     3 ||     4
 Stab: Sleeping          |     4 |     2 ||     6
  Eat: Chunk             |     1 |     4 ||     5
       Ration            |     1 |     1 ||     2
Armor: Robe              |     4 |       ||     4
       Scale mail        |    31 |       ||    31
       Leather armour    |     2 |    92 ||    94
Dodge: Dodged            |    68 |   170 ||   238
